Map: 2000 Atmospheres LE

Players

Astrea - Winner!

  • Race: Protoss Protoss

Probe

  • Race: Protoss Protoss

Event: IEM Katowice 2022

VOD

Have the link to the VOD?

Description

Time

  • Played on: Feb. 23, 2022, 9:26 a.m.
  • Length: 8:01

All games in this series

Show
View Real Time Build Order
Export as new Build Order

Astrea Protoss - Winner!

Build Orders: Proxy Void Ray 

Get SALT Encoding   

  12  0:00  Probe  
  13  0:12  Probe  
  14  0:17  Pylon  
  14  0:24  Probe (Chrono Boost)  
  15  0:36  Probe (Chrono Boost)  
  15  0:38  Gateway  
  16  0:44  Probe (Chrono Boost)  
  16  0:46  Assimilator  
  17  0:51  Probe  
  18  0:57  Assimilator  
  18  1:03  Probe (Chrono Boost)  
  19  1:05  Pylon  
  20  1:12  Probe (Chrono Boost)  
  20  1:17  Probe (Chrono Boost)  
  20  1:25  Cybernetics Core  
  21  1:29  Probe  
  21  1:31  Zealot  
  24  1:41  Probe  
  25  1:53  Probe  
  26  2:02  Nexus  
  26  2:12  Stargate  
  26  2:15  Probe  
  27  2:24  Stalker  
  27  2:28  Probe  
  30  2:33  Shield Battery  
  30  2:41  Pylon  
  30  2:43  Warp Gate  
  30  2:47  Probe  
  30  2:50  Void Ray (Chrono Boost)  
  31  3:03  Probe  
  36  3:09  Shield Battery  
  35  3:15  Probe  
  37  3:22  Void Ray (Chrono Boost)  
  37  3:26  Forge  
  40  3:36  Probe x2  
  43  3:52  Void Ray (Chrono Boost)  
  43  3:54  Pylon  
  40  4:00  Photon Cannon  
  44  4:05  Photon Cannon  
  44  4:15  Photon Cannon  
  44  4:23  Void Ray (Chrono Boost)  
  44  4:29  Probe x2  
  50  4:35  Shield Battery  
  50  4:41  Probe  
  51  4:49  Pylon, Zealot  
  51  4:52  Void Ray (Chrono Boost)  
  57  5:02  Probe  
  58  5:10  Zealot  
  58  5:12  Gateway  
  60  5:16  Gateway  
  60  5:20  Void Ray (Chrono Boost)  
  64  5:29  Pylon  
  64  5:34  Photon Cannon  
  64  5:45  Probe x2  
  64  5:47  Void Ray (Chrono Boost)  
  66  5:55  Photon Cannon  
  70  6:04  Cybernetics Core  
  70  6:06  Zealot  
  70  6:08  Probe x2  
  74  6:16  Pylon  
  74  6:24  Oracle (Chrono Boost)  
  76  6:26  Pylon  
  77  6:34  Pylon  
  77  6:35  Zealot x2  
  81  6:41  Photon Cannon, Pylon  
  81  6:45  Void Ray (Chrono Boost)  
  81  6:47  Shield Battery  
  85  6:55  Probe x2  
  85  7:00  Zealot x2  
  91  7:07  Photon Cannon  
  91  7:17  Probe, Void Ray (Chrono Boost)  
  91  7:18  Pylon, Probe  
  91  7:19  Pylon  
  97  7:31  Zealot x2  
  97  7:36  Probe  
  94  7:39  Probe  
  96  7:55  Assimilator x2  
  96  7:56  Pylon  
  96  7:57  Zealot x2  
Show
View Real Time Build Order
Export as new Build Order

Probe Protoss 

Build Orders:  

Get SALT Encoding   

  12  0:00  Probe  
  13  0:12  Probe  
  14  0:17  Pylon  
  14  0:24  Probe (Chrono Boost)  
  16  0:36  Probe (Chrono Boost)  
  16  0:38  Gateway  
  16  0:43  Probe (Chrono Boost)  
  16  0:46  Assimilator  
  17  0:51  Probe  
  18  0:59  Assimilator  
  18  1:03  Probe (Chrono Boost)  
  19  1:08  Gateway  
  19  1:12  Probe (Chrono Boost)  
  20  1:20  Probe  
  21  1:27  Cybernetics Core  
  21  1:32  Probe  
  22  1:36  Pylon  
  22  1:44  Probe  
  23  1:56  Probe  
  23  2:00  Warp Gate (Chrono Boost)  
  24  2:03  Stalker x2  
  28  2:12  Pylon  
  28  2:23  Gateway  
  28  2:33  Stalker  
  28  2:35  Stalker  
  32  2:54  Probe  
  33  2:59  Shield Battery  
  33  3:08  Stalker  
  33  3:09  Stalker  
  37  3:13  Pylon  
  37  3:16  Shield Battery  
  37  3:18  Probe  
  38  3:21  Pylon  
  38  3:45  Stalker  
  38  3:46  Stalker x2  
  44  3:51  Pylon  
  45  4:02  Probe  
  45  4:07  Twilight Council  
  45  4:12  Stalker  
  45  4:16  Stalker  
  49  4:24  Stalker  
  49  4:30  Pylon  
  51  4:35  Blink (Chrono Boost)  
  51  4:59  Stalker  
  53  5:00  Stalker  
  53  5:02  Stalker  
  57  5:13  Pylon  
  57  5:27  Stalker x2  
  61  5:29  Stalker  
  63  5:37  Pylon  
  61  5:50  Sentry, Stalker  
  65  5:57  Stalker  
  67  6:14  Stalker  
  67  6:17  Stalker  
  71  6:26  Stalker  
  73  6:40  Stalker  
  75  6:48  Stalker  
  75  6:52  Pylon  
  75  7:02  Stalker  
  77  7:10  Nexus  
  77  7:22  Adept x2  
  72  7:42  Stalker  
  72  7:43  Stalker  
  56  7:52  Stalker  

Tags
 
Add a new tag
Caveats
  • Supply blocks, unpowered buildings, or Contaminate may cause inaccurate times.
  • Supply counts are checked every 10 seconds.